Map: 中心协议

Players

Pumped - Winner!

  • Race: Terran Terran
  • League: Diamond

shengy

  • Race: Zerg Zerg
  • League: Platinum

VOD

Have the link to the VOD?

Description

Time

  • Played on: Dec. 29, 2015, 12:09 a.m.
  • Length: 5:16
Show
View Real Time Build Order
Export as new Build Order

Pumped Terran - Winner!

Build Orders:  

Get SALT Encoding   

  12  0:01  SCV  
  13  0:14  SCV  
  14  0:18  Supply Depot  
  14  0:26  SCV  
  15  0:40  SCV  
  16  0:52  SCV  
  17  0:57  Barracks  
  17  1:04  SCV  
  17  1:08  Supply Depot  
  18  1:16  SCV  
  19  1:28  Barracks  
  19  1:31  Barracks  
  19  1:35  SCV  
  20  1:43  Refinery  
  20  1:44  Marine  
  21  1:47  Orbital Command  
  21  2:02  Marine  
  21  2:07  Supply Depot  
  22  2:20  Barracks, Marine  
  23  2:25  Barracks  
  23  2:26  Marine  
  24  2:30  Barracks Tech Lab  
  24  2:38  Marine  
  25  2:46  Marine  
  26  2:51  Marine  
  26  2:56  Marine  
  26  2:57  Combat Shields  
  28  3:09  Marine  
  28  3:10  Marine x2  
  31  3:14  Barracks  
  31  3:20  Marine x2  
  33  3:27  Marine  
  33  3:31  Marine  
  33  3:32  Marine  
  36  3:50  Marine x2  
  36  3:51  Marine x3  
  40  4:01  Marine  
  41  4:08  Marine x3  
  41  4:09  Marine x2  
  35  4:27  Marine x5  
  35  4:28  Marine  
  40  4:45  Marine x5  
  45  4:57  Marine  
Show
View Real Time Build Order
Export as new Build Order

shengy Zerg 

Build Orders: Pool First, Zergling Baneling 

Get SALT Encoding   

  12  0:01  Drone  
  13  0:08  Drone  
  14  0:16  Overlord  
  14  0:30  Drone, Extractor  
  14  0:35  Drone x2  
  16  0:51  Spawning Pool  
  16  0:53  Drone  
  16  0:56  Drone  
  17  1:05  Drone  
  18  1:34  Hatchery  
  18  1:38  Metabolic Boost  
  17  1:40  Drone  
  18  1:49  Queen  
  20  1:59  Baneling Nest  
  19  2:05  Overlord  
  19  2:19  Zergling x6  
  22  2:30  Evolution Chamber  
  22  2:31  Drone  
  22  2:41  Drone  
  23  2:45  Queen  
  23  2:47  Drone  
  26  2:54  Drone  
  27  3:00  Zerg Melee Weapons Level 1  
  27  3:05  Drone  
  27  3:06  Drone x2  
  27  3:08  Zergling x2  
  31  3:18  Overlord  
  31  3:24  Drone  
  31  3:25  Extractor, Drone  
  32  3:35  Drone  
  32  3:36  Drone x2  
  34  3:58  Zergling x2  
  34  3:59  Zergling x16  
  42  4:04  Baneling x3  
  32  4:30  Zergling x6  
  32  4:31  Zergling x6  
  35  4:33  Baneling x2  
  35  4:38  Zergling x2  
  35  4:39  Zergling x4  
  38  4:46  Overlord  
  34  4:58  Baneling x7  
  34  4:59  Zergling x2  
Tags
 
Add a new tag
Caveats
  • Supply blocks, unpowered buildings, or Contaminate may cause inaccurate times.
  • Supply counts are checked every 10 seconds.